 Seeded DCSS version 0.27.1-2-g3b301248ec (webtiles) character file.

Game seed: 17848141825139092340 (custom seed)

199 rocky1 the Chucker (level 5, 0/50 HPs)
             Began as an Ogre Hunter on Sept 26, 2021.
             Slain by a kobold (4 damage)
             ... on level 3 of the Dungeon.
             The game lasted 00:08:26 (2836 turns).

rocky1 the Chucker (Ogre Hunter)                    Turns: 2836, Time: 00:08:26

Health: 0/50       AC:  3    Str: 16    XL:     5   Next: 77%
Magic:  5/5        EV:  9    Int: 12    God:
Gold:   116        SH:  5    Dex: 10    Spells: 4/4 levels left

rFire    . . .     SeeInvis .   s - +0 whip
rCold    . . .     Faith    .   (no shield)
rNeg     . . .     Spirit   .   b - +0 robe
rPois    .         Reflect  +   (helmet restricted)
rElec    .         Harm     .   (no cloak)
rCorr    .         Rampage  .   (gloves unavailable)
Will     .....                  (boots unavailable)
Stlth    +.........             n - amulet of reflection
HPRegen  0.16/turn              (no ring)
MPRegen  0.09/turn              (no ring)

@: no status effects
A: large, unfitting armour, tough skin 1
a: no special abilities


You were on level 3 of the Dungeon.
You visited 1 branch of the dungeon, and saw 3 of its levels.

You collected 116 gold pieces.

Inventory:

Hand Weapons
 a - a +0 short sword
 j - a +0 club
 s - a +0 whip (weapon)
 t - a +0 hand axe
Missiles
 c - 3 large rocks
 d - 2 throwing nets
 o - 11 poisoned darts (quivered)
 v - 4 boomerangs
Armour
 b - a +0 robe (worn)
Jewellery
 e - an amulet of faith
 n - an amulet of reflection (around neck)
Wands
 q - a wand of polymorph (4)
 u - a wand of acid (4)
Scrolls
 f - a scroll of immolation {unknown}
 l - a scroll of teleportation {unknown}
 m - a scroll of blinking {unknown}
 w - a scroll of fog {unknown}
 x - a scroll of amnesia {unknown}
Potions
 g - a potion of berserk rage {unknown}
 h - a potion of degeneration {unknown}
 i - 2 potions of lignification {unknown}
 k - a potion of attraction {unknown}
 p - a potion of heal wounds {unknown}
 r - a potion of curing {unknown}


   Skills:
 - Level 2.6 Fighting
 + Level 2.9 Maces & Flails
 + Level 5.8 Throwing
 - Level 1.7 Dodging
 - Level 0.6 Stealth


You had 4 spell levels left.
You didn't know any spells.
Your spell library contained the following spells:

 Spells                   Type           Power      Damage    Failure   Level
 Ignite Poison            Fire/Tmut/Pois 0%         N/A       69%         3
 Mephitic Cloud           Conj/Pois/Air  0%         N/A       69%         3
 Bolt of Magma            Conj/Fire/Erth 0%         4d4       100%        5


Dungeon Overview and Level Annotations

Branches:
Dungeon (3/15)

Altars:
Elyvilon
Qazlal

Annotations:
D:2 Sigmund


Innate Abilities, Weirdness & Mutations

You are too large for most types of armour.
You have tough skin. (AC +1)


Message History

You closely miss the goblin.
The goblin is moderately wounded.
The goblin barely misses you.
You closely miss the goblin.
The goblin is moderately wounded.
The goblin barely misses you.
You hit the goblin.
The goblin is heavily wounded.
The goblin hits you with a +0 club.
You hit the goblin.
You kill the goblin!
You closely miss the kobold.
The kobold hits you with a +0 short sword.
You barely miss the kobold. The kobold misses you.
You miss the kobold.
The kobold hits you with a +0 short sword.
* * * LOW HITPOINT WARNING * * *
You hit the kobold.
The kobold is moderately wounded.
You block the kobold's attack.
You barely miss the kobold.
The kobold is moderately wounded.
You barely miss the kobold.
The kobold is moderately wounded.
The kobold hits you but does no damage.
You closely miss the kobold.
The kobold is moderately wounded.
The kobold hits you with a +0 short sword.
* * * LOW HITPOINT WARNING * * *
You hit the kobold.
The kobold is severely wounded.
The kobold hits you with a +0 short sword.
* * * LOW HITPOINT WARNING * * *
You barely miss the kobold.
The kobold is severely wounded.
The kobold barely misses you.
You barely miss the kobold.
The kobold is severely wounded.
The kobold hits you with a +0 short sword.
You die...

.#..#..#..#..#..#..#...
..#...#...#...#g..#..(
#..[.#....#....#....#..
.#.....#.....#.....#...
...#......#..K..g#.....
......#.......#.......#
...........(...........
##.#...####.#.#####.###
##....## #.#((K@...#
###.## #...####### #.#
##### # #.# # #.# # #.#
# #.# ## #.# .# #.#


You could see a kobold.

Vanquished Creatures
  A howler monkey (D:3)
  Natasha (thrice) (D:2)
  4 adders
  A worm (D:2)
  3 dart slugs
  2 orcs (D:3)
  5 ball pythons
  4 endoplasms
  A giant cockroach (D:1)
  4 goblins
  A hobgoblin (D:3)
  4 jackals (D:3)
  4 bats
  3 frilled lizards
  5 kobolds
  A rat (D:1)
46 creatures vanquished.

Notes
Turn   | Place    | Note
-------+----------+-------------------------------------------
     0 | D:1      | rocky1 the Ogre Hunter began the quest for the Orb.
     0 | D:1      | Reached XP level 1. HP: 22/22 MP: 1/1
   305 | D:1      | Reached XP level 2. HP: 27/29 MP: 2/2
  1470 | D:2      | Noticed Natasha
  1471 | D:2      | Killed Natasha
  1472 | D:2      | Reached skill level 1 in Maces & Flails
  1472 | D:2      | Reached skill level 5 in Throwing
  1472 | D:2      | Reached XP level 3. HP: 36/36 MP: 3/3
  1568 | D:2      | Noticed Natasha
  1571 | D:2      | Killed Natasha
  1572 | D:2      | Reached XP level 4. HP: 39/44 MP: 4/4
  1708 | D:2      | Noticed Natasha
  1709 | D:2      | Killed Natasha
  1752 | D:2      | Found a faded altar of an unknown god.
  1752 | D:2      | Noticed a golden eye
  1756 | D:2      | Noticed a great orb of eyes
  1757 | D:2      | Noticed a great orb of eyes
  1757 | D:2      | Noticed a golden eye
  1832 | D:2      | Noticed Sigmund
  1989 | D:3      | Reached XP level 5. HP: 17/50 MP: 5/5
  2253 | D:3      | Found a stormy altar of Qazlal.
  2478 | D:3      | Found a white marble altar of Elyvilon.
  2836 | D:3      | Slain by a kobold

Illustrated notes

Levels and vault maps discovered:
D:1:      onia_arrival_handbag, layout_basic
D:2:      layout_basic, hellmonk_ecumenical_altar_watching_god, st_stairs_11,
          minmay_misc_feat_four_crosses, uniq_sigmund, uniq_natasha
D:3:      layout_basic, nicolae_qazlal_eye_of_the_storm, general_overflow_altar,
          minmay_increasing_density, uniq_terence

Skill      XL: |  1  2  3  4 |
---------------+-------------+-----
Maces & Flails | 1 2 |  2.9
Throwing       | 5 |  5.8
Fighting       | |  2.6
Dodging        | |  1.7
Stealth        | |  0.6

Action                   |  1- 3 |  4- 6 || total
-------------------------+-------+-------++-------
Melee: Short sword       |    72 |    30 ||   102
       Whip              |       |    80 ||    80
Throw: Large rock        |     6 |     8 ||    14
       Dart              |       |     9 ||     9
 Stab: Sleeping          |     1 |     1 ||     2
Armor: Robe              |    18 |    29 ||    47
Dodge: Dodged            |    28 |    44 ||    72
Block: Other             |       |    22 ||    22
